 Dungeon Crawl Stone Soup version 0.18.1-8-gdd0e5ea (webtiles) character file.

123862 Ijustatesigmund the Severer (level 16, -2/152 HPs)
             Began as a Hill Orc Fighter on May 26, 2016.
             Was the Champion of Okawaru.
             Slain by a wolf spider (7 damage)
             ... on level 1 of the Spider Nest.
             The game lasted 01:28:07 (24208 turns).

Ijustatesigmund the Severer (Hill Orc Fighter)     Turns: 24208, Time: 01:28:09

Health: -2/152     AC: -3    Str: 19    XL:     16   Next: 91%
Magic:  27/27      EV: 17    Int: 13    God:    Okawaru [******]
Gold:   536        SH:  0    Dex: 21    Spells: 0 memorised, 15 levels left

rFire  + + +     SeeInvis .     Y - +3 executioner's axe of Desperation {vamp, *Corrode Dex+5}
rCold  . . .     Gourm    .     V - +3 plate armour of the Merchant {rPois rF+ Slay+2 Stlth+}
rNeg   + . .     Faith    +     (shield currently unavailable)
rPois  +         Spirit   .     i - +1 helmet
rElec  +         Dismiss  .     Z - +2 cloak "Utovatia" {rF+++ rN+ Str-3}
rCorr  .         Reflect  .     U - +1 pair of gloves {archery}
SustAt .         Harm     .     I - +1 pair of boots of the Undertaker {Regen+}
MR     +....                    l - amulet of Xom's Fair Game {Faith Int+5 Slay+3}
Stlth  ..........               B - +5 ring of evasion
                                t - ring "Micvargh" {*Drain rElec AC+6 Stlth+}

@: lethally poisoned (-2 -> -3), corroded, somewhat resistant to hostile
enchantments, extremely unstealthy
A: agile 1, blink, poison resistance
a: Blink, Heroism, Finesse, Renounce Religion


You were on level 1 of the Spider Nest.
You worshipped Okawaru.
Okawaru was exalted by your worship.
You were not hungry.

You visited 4 branches of the dungeon, and saw 26 of its levels.
You also visited: Sewer and Ice Cave.

You collected 2742 gold pieces.
You spent 2206 gold pieces at shops.

Inventory:

Hand Weapons
 a - a +1 war axe of chopping
 J - the +11 hand axe "Wookuij" {drain, Dex+2}
   (You found it on level 1 of the Orcish Mines)

   A truly terrible weapon, it drains the life of those it strikes.
   It affects your dexterity (+2).
 N - the +4 morningstar of Hospitality {crush, *Rage +Inv rElec rN+}
   (You found it on level 1 of the Orcish Mines)

   It inflicts extra damage upon your enemies.
   It insulates you from electricity.
   It protects you from negative energy.
   It lets you turn invisible.
   It may make you go berserk in combat.
 R - the +10 battleaxe "Samorynn" {holy, Int+4}
   (Okawaru gifted it to you on level 8 of the Lair of Beasts)

   It has been blessed by the Shining One to cause great damage to the undead
   and demons.
   It affects your intelligence (+4).
 Y - the +3 executioner's axe of Desperation (weapon) {vamp, *Corrode Dex+5}
   (Okawaru gifted it to you on level 8 of the Lair of Beasts)

   It inflicts no extra harm, but heals its wielder somewhat when it strikes a
   living foe.
   It affects your dexterity (+5).
   It may corrode you when you take damage.
Armour
 c - a +2 shield of cold resistance
 i - a +1 helmet (worn)
 v - a +2 buckler of fire resistance
 I - the +1 pair of boots of the Undertaker (worn) {Regen+}
   (Okawaru gifted it to you on level 12 of the Dungeon)

   It increases your rate of regeneration.
 U - a +1 pair of gloves of archery (worn)
 V - the +3 plate armour of the Merchant (worn) {rPois rF+ Slay+2 Stlth+}
   (You found it on level 8 of the Lair of Beasts)

   It affects your accuracy and damage with ranged weapons and melee attacks
   (+2).
   It protects you from fire.
   It protects you from poison.
   It makes you more stealthy.
 X - a +0 pair of boots of running
 Z - the +2 cloak "Utovatia" (worn) {rF+++ rN+ Str-3}
   (Okawaru gifted it to you on level 4 of the Lair of Beasts)

   It affects your strength (-3).
   It renders you almost immune to fire.
   It protects you from negative energy.
Jewellery
 l - the amulet of Xom's Fair Game (around neck) {Faith Int+5 Slay+3}
   (You found it in a sewer)

   [amulet of faith]

   It allows you to gain divine favour quickly.
   It affects your intelligence (+5).
   It affects your accuracy and damage with ranged weapons and melee attacks
   (+3).
 n - an uncursed ring of ice
 q - a +2 ring of slaying
 t - the ring "Micvargh" (left hand) {*Drain rElec AC+6 Stlth+}
   (You bought it in a shop on level 2 of the Orcish Mines)

   [ring of protection]

   It affects your AC (+6).
   It insulates you from electricity.
   It causes draining when unequipped.
   It makes you more stealthy.
 x - the ring of Dischord {rF++ Dex-3 SInv}
   (You found it on level 3 of the Lair of Beasts)

   [ring of see invisible]

   It affects your dexterity (-3).
   It greatly protects you from fire.
   It lets you see invisible.
 B - a +5 ring of evasion (right hand)
Wands
 E - a wand of iceblast (9/15)
 F - a wand of lightning (1/15)
 G - a wand of heal wounds (6/9)
 O - a wand of enslavement (7/24)
Scrolls
 b - 6 scrolls of recharging
 e - 2 scrolls of remove curse
 k - 2 scrolls of blinking
 p - a scroll of holy word
 r - 3 scrolls of immolation
 w - a scroll of amnesia
 K - a scroll of fog
 M - 6 scrolls of teleportation
 Q - 4 scrolls of identify
 S - 3 scrolls of magic mapping
 T - a scroll of enchant weapon
Potions
 d - a potion of cancellation
 h - 3 potions of flight
 j - 5 potions of brilliance
 m - 7 potions of curing
 o - a potion of agility
 s - 3 potions of ambrosia
 u - 3 potions of heal wounds
 z - 2 potions of invisibility
 D - a potion of resistance
 H - a potion of magic
 L - a potion of cure mutation
 P - 3 potions of haste
Books
 A - a book of Ice

   Spells                             Type                      Level
   a - Ice Form                       Ice/Transmutation            4
   b - Metabolic Englaciation         Hexes/Ice                    5
   c - Ozocubu's Refrigeration        Ice                          6
   d - Bolt of Cold                   Conjuration/Ice              6
   e - Freezing Cloud                 Conjuration/Ice/Air          6
   f - Simulacrum                     Ice/Necromancy               6
Miscellaneous
 y - a phantom mirror
Comestibles
 f - 3 bread rations
 g - 10 meat rations
 C - 9 royal jellies


   Skills:
 - Level 16.5 Fighting
 + Level 20.5 Axes
 + Level 12.9 Armour
 - Level 8.0 Dodging
 - Level 7.2 Shields
 + Level 15.6 Invocations


You had 15 spell levels left.
You didn't know any spells.

Dungeon Overview and Level Annotations

Branches:
Dungeon (15/15)            Temple (0/1) D:6            Lair (8/8) D:8
 Shoals (0/4) Lair:6       Spider (1/4) Lair:3        Slime (0/6) Lair:7
    Orc (2/2) D:9             Elf (0/3) Orc:2        Vaults (0/5) D:13
 Depths (0/5) D:15

Altars:
Dithmenos
Elyvilon
Makhleb
Nemelex Xobeh
Okawaru
Pakellas
Qazlal
Ru
Sif Muna
Trog
Vehumet
Xom
The Shining One

Shops:
D:5 =}   D:6 !   D:12 *   D:13 *   Orc:1 [   Orc:2 ==(%

Annotations:
Lair:7 exclusion: oklob plant


Innate Abilities, Weirdness & Mutations

You are agile. (Dex +2)
You can translocate small distances at will.
Your system is resistant to poisons.


Message History

* * * LOW HITPOINT WARNING * * *
You hit the wolf spider but do no damage.
The wolf spider hits you.
* * * LOW HITPOINT WARNING * * *
The wolf spider completely misses you.
Drink which item? (? for menu, Esc to quit)
You feel much better.
You feel sick. The wolf spider hits you. The wolf spider bites you!
* * * LOW HITPOINT WARNING * * *
The wolf spider barely misses you. The wolf spider closely misses you.
You hit the wolf spider but do no damage.
You feel sick. The wolf spider closely misses you.
The wolf spider barely misses you.
You hit the wolf spider but do no damage.
The wolf spider hits you!
* * * LOW HITPOINT WARNING * * *
The wolf spider barely misses you. The wolf spider hits you!
* * * LOW HITPOINT WARNING * * *
The wolf spider bites you!
You die...

...#.. . ....#
. .....#. .....
..#...........#
........#.....#
..#.....#...#..
.............#
.......s....^#
.......@...#
#.......#..#
######### ##


You could see a wolf spider.

Vanquished Creatures
  Rupert (Orc:2)
  An emperor scorpion (Spider:1)
  A fire giant (Orc:1)
  A frost giant (D:15)
  Maud (Orc:2)
  The ghost of PeterLawrence the Bludgeoner, a journeyman MiFi of Okawaru (Lair:3)
  Snorg (D:12)
  Josephine (Lair:6)
  14 hydras
  Harold (Lair:4)
  A death knight (D:15)
  5 centaur warriors
  The ghost of Scuka the Basher, a journeyman GrFi of Okawaru (IceCv)
  5 ogre magi
  2 tengu warriors (D:15)
  4 death yaks (Lair:8)
  The ghost of Scuka the Basher, a novice GrFi of Okawaru (D:8)
  13 spriggans (Lair:8)
  9 slime creatures
  A fire crab (Lair:6)
  2 unseen horrors (D:14)
  20 hill giants
  A harpy (shapeshifter) (D:13)
  A necromancer (IceCv)
  2 orc knights
  5 ugly things (D:14)
  2 wolf spiders (Spider:1)
  3 cyclopes
  2 manticores (D:14)
  4 griffons
  3 orc sorcerers (Orc:2)
  10 elephants
  2 centaur zombies (D:15)
  An ice statue (IceCv)
  4 black mambas
  3 gargoyles
  A torpor snail (Lair:6)
  8 spiny frogs
  8 rime drakes
  10 komodo dragons
  2 efreet (D:13)
  11 freezing wraiths
  A kobold demonologist (D:14)
  2 tengu conjurers (D:15)
  2 spriggan druids (Lair:8)
  17 two-headed ogres
  10 trolls
  2 queen bees
  11 polar bears
  2 jumping spiders (Spider:1)
  A boulder beetle (Orc:1)
  15 blink frogs
  5 wraiths
  8 wyverns
  6 redbacks
  40 yaks
  2 fire elementals (Orc:1)
  9 hippogriffs
  A hungry ghost (D:7)
  10 basilisks
  3 vampire mosquitoes (D:15)
  4 wargs (Orc:1)
  A mottled dragon (D:10)
  20 water moccasins
  18 porcupines
  10 black bears
  11 orc warriors
  2 sky beasts
  An eye of draining (Lair:7)
  7 ice beasts
  5 necrophages (Lair:6)
  30 ogres
  6 phantoms
  4 wasps
  29 wolves
  9 centaurs
  12 crocodiles
  3 big kobolds
  A gnoll sergeant (D:5)
  33 giant frogs
  18 jellies
  2 wyvern skeletons
  3 scorpions
  13 wights
  40 killer bees
  An elephant simulacrum (IceCv)
  6 electric eels
  9 howler monkeys
  3 giant frog zombies
  5 crimson imps
  6 hounds
  8 draconian simulacra (IceCv)
  20 orc wizards
  9 orc priests
  A gnoll shaman (D:6)
  7 iguanas
  5 centaur skeletons
  6 worker ants
  2 polar bear simulacra (IceCv)
  4 spriggan simulacra (IceCv)
  4 troll simulacra (IceCv)
  A wolf simulacrum (IceCv)
  13 sheep
  2 centaur simulacra
  2 hound zombies (D:7)
  A hound skeleton (D:6)
  A howler monkey zombie (D:7)
  2 worker ant zombies
  19 gnolls
  2 howler monkey skeletons
  2 ogre simulacra (IceCv)
  16 adders
  A naga simulacrum (IceCv)
  54 river rats
  A shadow imp (D:9)
  12 white imps (IceCv)
  An ooze (D:3)
  An adder zombie (D:5)
  2 adder skeletons
  8 worms
  2 dart slugs
  8 giant geckos
  55 orcs
  3 ball pythons
  7 bats
  14 giant cockroaches
  33 goblins
  30 hobgoblins
  22 jackals
  5 quokkas
  A giant gecko skeleton (D:5)
  11 giant newts
  20 kobolds
  A quokka skeleton (D:9)
  18 rats
  12 fungi
  A plant (Lair:7)
1079 creatures vanquished.

Vanquished Creatures (others)
  A cyclops (Orc:1)
  A yak (Lair:6)
  16 fungi
  12 plants
30 creatures vanquished.

Grand Total: 1109 creatures vanquished

Notes
Turn   | Place    | Note
--------------------------------------------------------------
     0 | D:1      | Ijustatesigmund the Hill Orc Fighter began the quest for the Orb.
     0 | D:1      | Reached XP level 1. HP: 19/19 MP: 1/1
   117 | D:1      | Reached skill level 3 in Axes
   165 | D:1      | Reached XP level 2. HP: 16/27 MP: 2/2
   607 | D:1      | Reached XP level 3. HP: 32/33 MP: 3/3
   837 | D:1      | Reached skill level 4 in Axes
  1040 | D:2      | Found a faded altar to an unknown god.
  1238 | D:2      | Reached XP level 4. HP: 41/41 MP: 4/4
  1327 | D:2      | Found a deep blue altar of Sif Muna.
  1513 | D:3      | Reached skill level 5 in Fighting
  1566 | D:3      | Reached skill level 5 in Axes
  1581 | D:3      | Reached XP level 5. HP: 23/48 MP: 5/5
  1586 | D:3      | HP: 2/48 [orc wizard/dagger (1)]
  1737 | D:3      | Found a glowing drain.
  1752 | Sewer    | Entered a sewer
  1855 | Sewer    | Reached skill level 6 in Axes
  1966 | Sewer    | Reached XP level 6. HP: 57/57 MP: 6/6
  2080 | Sewer    | Got a serpentine emerald amulet
  2100 | Sewer    | Identified the amulet of Xom's Fair Game {Faith Int+5 Slay+3} (You found it in a sewer)
  2181 | D:3      | Reached skill level 7 in Axes
  2604 | D:4      | Reached XP level 7. HP: 59/64 MP: 7/7
  2628 | D:4      | Found a sacrificial altar of Ru.
  2668 | D:5      | Entered Level 5 of the Dungeon
  3068 | D:5      | Found a sparkling altar of Nemelex Xobeh.
  3345 | D:5      | Reached skill level 8 in Axes
  3408 | D:5      | Reached XP level 8. HP: 73/73 MP: 8/8
  3985 | D:5      | Reached skill level 5 in Shields
  4229 | D:5      | Found Wiph's Jewellery Boutique.
  4241 | D:5      | Bought a +2 ring of slaying for 294 gold pieces
  4256 | D:5      | Found Ymeado's Gadget Shop.
  4274 | D:5      | Found an iron altar of Okawaru.
  4279 | D:5      | Became a worshipper of Warmaster Okawaru
  4412 | D:5      | Reached skill level 5 in Armour
  4453 | D:6      | Reached skill level 1 in Invocations
  4470 | D:6      | Found Kyzonoi's Distillery.
  4480 | D:6      | Bought a potion of agility for 56 gold pieces
  4487 | D:6      | Reached * piety under Okawaru
  4542 | D:6      | Reached XP level 9. HP: 64/81 MP: 12/12
  4548 | D:6      | Reached skill level 5 in Invocations
  4562 | D:6      | Found a burning altar of Makhleb.
  4698 | D:6      | Found a shadowy altar of Dithmenos.
  4704 | D:6      | Reached ** piety under Okawaru
  4784 | D:6      | Found a staircase to the Ecumenical Temple.
  4804 | D:6      | You fall through a shaft for 2 floors!
  4833 | D:8      | Found a staircase to the Lair.
  4856 | D:8      | Noticed Scuka's ghost (novice GrFi)
  4899 | Lair:1   | Entered Level 1 of the Lair of Beasts
  5119 | D:7      | Found a white marble altar of Elyvilon.
  5294 | D:6      | Noticed a moth of wrath
  5297 | D:6      | Found a bloodstained altar of Trog.
  5496 | D:7      | Reached skill level 9 in Axes
  5577 | D:7      | Reached *** piety under Okawaru
  5592 | D:7      | Found an oddly glowing altar of Pakellas.
  5811 | D:7      | Reached skill level 10 in Invocations
  5820 | D:7      | Reached XP level 10. HP: 91/91 MP: 17/17
  5920 | D:8      | Found a stormy altar of Qazlal.
  5963 | D:8      | Found a glowing golden altar of the Shining One.
  5990 | D:8      | Reached skill level 10 in Axes
  6069 | D:8      | Found a shimmering altar of Xom.
  6315 | D:8      | Killed Scuka's ghost
  6315 | D:8      | Reached **** piety under Okawaru
  6527 | D:9      | Reached skill level 10 in Fighting
  6585 | D:9      | Found a staircase to the Orcish Mines.
  6899 | D:9      | Reached ***** piety under Okawaru
  6899 | D:9      | Reached skill level 11 in Axes
  7202 | D:9      | Received a gift from Okawaru
  7700 | D:10     | Entered Level 10 of the Dungeon
  8176 | D:10     | Noticed a gargoyle
  8183 | D:10     | Killed a gargoyle
  8222 | D:10     | Reached XP level 11. HP: 98/101 MP: 19/19
  8819 | D:11     | Reached skill level 12 in Axes
  9494 | D:11     | Reached skill level 1 in Dodging
  9936 | D:12     | Noticed Snorg
  9949 | D:12     | Killed Snorg
 10007 | D:12     | Found Faetit's General Store.
 10012 | D:12     | Bought a potion of curing for 42 gold pieces
 10012 | D:12     | Bought a scroll of magic mapping for 49 gold pieces
 10112 | D:12     | Received a gift from Okawaru
 10115 | D:12     | Got a pair of translucent boots {god gift}
 10126 | D:12     | Identified the +1 pair of boots of the Undertaker {Regen+} (Okawaru gifted it to you on level 12 of the Dungeon)
 10128 | D:12     | Found a radiant altar of Vehumet.
 10196 | D:12     | Noticed a seven-headed hydra
 10326 | Orc:1    | Entered Level 1 of the Orcish Mines
 10445 | Orc:1    | Noticed a hill giant
 10447 | Orc:1    | Noticed a hill giant
 10455 | Orc:1    | Killed a hill giant
 10464 | Orc:1    | Killed a hill giant
 10471 | Orc:1    | Noticed a cyclops
 10618 | Orc:2    | Entered Level 2 of the Orcish Mines
 11065 | Orc:1    | Found Azxe's Antique Armour Boutique.
 11073 | Orc:1    | Bought a runed shield for 144 gold pieces
 11078 | Orc:1    | Reached XP level 12. HP: 110/110 MP: 21/21
 11585 | Orc:1    | Reached skill level 5 in Dodging
 11713 | Orc:1    | Reached skill level 10 in Armour
 11868 | Orc:1    | Reached ****** piety under Okawaru
 11868 | Orc:1    | Received a gift from Okawaru
 11876 | Orc:1    | Noticed a fire giant
 11898 | Orc:1    | Killed a fire giant
 11907 | Orc:1    | Got a slimy hand axe
 11908 | Orc:1    | Identified the +11 hand axe "Wookuij" {drain, Dex+2} (You found it on level 1 of the Orcish Mines)
 11929 | Orc:1    | Got a jewelled great sword
 11935 | Orc:1    | Identified the +6 great sword of Yxar Nib {venom, +Inv} (You found it on level 1 of the Orcish Mines)
 11950 | Orc:1    | Got a bloodstained morningstar
 11961 | Orc:1    | Identified the +4 morningstar of Hospitality {crush, *Rage +Inv rElec rN+} (You found it on level 1 of the Orcish Mines)
 12132 | Lair:1   | Noticed a five-headed hydra
 12147 | Lair:1   | Killed a five-headed hydra
 12147 | Lair:1   | Reached XP level 13. HP: 26/116 MP: 22/22
 13394 | Lair:2   | Received a gift from Okawaru
 13398 | Lair:2   | Got a distressingly furry buckler {god gift}
 13409 | Lair:2   | Identified the -6 buckler "Kuhiyzar" {Dex+4} (Okawaru gifted it to you on level 2 of the Lair of Beasts)
 13585 | Lair:3   | Noticed PeterLawrence's ghost (journeyman MiFi)
 13611 | Lair:3   | Killed PeterLawrence's ghost
 13756 | Lair:3   | Reached skill level 13 in Axes
 13804 | Lair:3   | Found a hole to the Spider Nest.
 13902 | Lair:3   | Found a frozen archway.
 13903 | Lair:3   | Got a sparkling jade ring
 13912 | IceCv    | Entered an ice cave
 13924 | IceCv    | Identified the ring of Dischord {rF++ Dex-3 SInv} (You found it on level 3 of the Lair of Beasts)
 14133 | IceCv    | Noticed Scuka's ghost (journeyman GrFi)
 14156 | IceCv    | Killed Scuka's ghost
 14160 | IceCv    | Found an ancient bone altar of Kikubaaqudgha.
 14801 | Lair:4   | Got a slimy helmet
 14811 | Lair:4   | Received a gift from Okawaru
 14856 | Lair:4   | Got a distressingly furry cloak {god gift}
 14867 | Lair:4   | Identified the cursed +0 helmet of Terror {MP+9 Str+8 Slay-4 SInv} (You found it on level 4 of the Lair of Beasts)
 14877 | Lair:4   | Identified the +2 cloak "Utovatia" {rF+++ rN+ Str-3} (Okawaru gifted it to you on level 4 of the Lair of Beasts)
 15021 | Lair:4   | Reached XP level 14. HP: 129/129 MP: 23/23
 15116 | Lair:4   | Noticed Harold
 15132 | Lair:4   | Killed Harold
 15166 | Lair:4   | Reached skill level 14 in Axes
 16596 | Lair:6   | Noticed Josephine
 16605 | Lair:6   | Killed Josephine
 16674 | Lair:6   | Found a staircase to the Shoals.
 16722 | Lair:6   | Received a gift from Okawaru
 16727 | Lair:6   | Reached skill level 15 in Axes
 17317 | Lair:7   | Found a staircase to the Slime Pits.
 17863 | Lair:7   | Gained mutation: You can translocate small distances at will. [potion of mutation]
 17863 | Lair:7   | Gained mutation: You are agile. (Dex +2) [potion of mutation]
 17863 | Lair:7   | Gained mutation: Your system is resistant to poisons. [potion of mutation]
 18569 | Lair:8   | Entered Level 8 of the Lair of Beasts
 18580 | Lair:8   | Reached XP level 15. HP: 139/139 MP: 26/26
 18595 | Lair:8   | Reached skill level 15 in Fighting
 18641 | Lair:8   | Reached skill level 16 in Axes
 18667 | Lair:8   | Got a faintly glowing leather armour
 18683 | Lair:8   | Received a gift from Okawaru
 18698 | Lair:8   | Got a fine battleaxe {god gift}
 18699 | Lair:8   | Identified the +10 battleaxe "Samorynn" {holy, Int+4} (Okawaru gifted it to you on level 8 of the Lair of Beasts)
 18832 | Lair:8   | Got a shimmering plate armour
 18854 | Lair:8   | Identified the +2 leather armour of the Lost Path {MR+ Regen+} (You found it on level 8 of the Lair of Beasts)
 18864 | Lair:8   | Identified the +3 plate armour of the Merchant {rPois rF+ Slay+2 Stlth+} (You found it on level 8 of the Lair of Beasts)
 19151 | Lair:8   | Got a bloodstained plate armour
 19162 | Lair:8   | Identified the +3 plate armour "Irugh" {Str+2} (You found it on level 8 of the Lair of Beasts)
 19195 | Lair:8   | Received a gift from Okawaru
 19216 | Lair:8   | Got a brightly glowing executioner's axe {god gift}
 19224 | Lair:8   | Identified the +3 executioner's axe of Desperation {vamp, *Corrode Dex+5} (Okawaru gifted it to you on level 8 of the Lair of Beasts)
 20101 | Orc:2    | Noticed Rupert
 20120 | Orc:2    | Killed Rupert
 20120 | Orc:2    | Reached skill level 17 in Axes
 20122 | Orc:2    | Paralysed by an orc sorcerer for 7 turns
 20140 | Orc:2    | Received a gift from Okawaru
 20178 | Orc:2    | Found a staircase to the Elven Halls.
 20188 | Orc:2    | Noticed Maud
 20210 | Orc:2    | Killed Maud
 20261 | Orc:2    | Reached skill level 18 in Axes
 20267 | Orc:2    | Reached XP level 16. HP: 152/152 MP: 22/27
 20281 | Orc:2    | Found Xamiolom's Weapon Boutique.
 20281 | Orc:2    | Found Hafokue's Food Emporium.
 20283 | Orc:2    | Received a gift from Okawaru
 20287 | Orc:2    | Found Noyxygg's Jewellery Shoppe.
 20287 | Orc:2    | Found Sizong's Jewellery Boutique.
 20318 | Orc:2    | Bought the ring "Micvargh" {*Drain rElec AC+6 Stlth+} for 1516 gold pieces
 21300 | D:13     | Reached skill level 19 in Axes
 21332 | D:13     | Got a bloodstained leather armour
 21353 | D:12     | Identified the cursed +1 leather armour of the Apprentice {-Tele Str+5} (You found it on level 13 of the Dungeon)
 21436 | D:13     | Found Oxtudgh's General Store.
 21461 | D:13     | Bought a scroll of enchant armour for 105 gold pieces
 21534 | D:13     | Found a gate to the Vaults.
 21970 | D:14     | Found a radiant altar of Vehumet.
 22334 | D:14     | Reached skill level 20 in Axes
 22359 | D:14     | Received a gift from Okawaru
 22925 | D:15     | Entered Level 15 of the Dungeon
 22963 | D:15     | Reached skill level 15 in Invocations
 23584 | D:15     | Found a staircase to the Depths.
 23589 | D:15     | Received a gift from Okawaru
 23606 | D:15     | Identified a +0 pair of boots of running (Okawaru gifted it to you on level 15 of the Dungeon)
 24086 | Spider:1 | Entered Level 1 of the Spider Nest
 24208 | Spider:1 | HP: 5/152 [wolf spider (16)]
 24208 | Spider:1 | Slain by a wolf spider

Skill      XL: |  1  2  3  4  5  6  7  8  9 10 11 12 13 14 15 16 |
---------------+-------------------------------------------------+-----
Axes           | 3 4 5 6 7 8 9 11 12 13 15 18 20 | 20.5
Fighting       | 4 5 6 7 8 9 10 11 13 14 16 | 16.5
Armour         | 4 5 8 11 12 | 12.9
Shields        | 4 5 6 7 |  7.2
Invocations    | 4 10 11 12 13 14 15 | 15.6
Dodging        | 4 7 8 |  8.0

Action                   |  1- 3 |  4- 6 |  7- 9 | 10-12 | 13-15 | 16-18 || total
-------------------------+-------+-------+-------+-------+-------+-------++-------
Melee: War axe           |   154 |   194 |   395 |   593 |       |       ||  1336
       Morningstar       |       |       |       |    10 |    87 |       ||    97
       Hand axe          |       |       |       |     6 |   861 |       ||   867
       Executioner's axe |       |       |       |       |   212 |   464 ||   676
       Battleaxe         |       |       |       |       |   127 |       ||   127
Invok: Heroism           |       |       |     1 |    10 |     9 |     2 ||    22
       Finesse           |       |       |       |     2 |     6 |     2 ||    10
 Abil: Blink             |       |       |       |       |     1 |       ||     1
Evoke: Wand              |       |       |       |    12 |     1 |     1 ||    14
  Use: Scroll            |     3 |     1 |    10 |     9 |    18 |     8 ||    49
       Potion            |       |     4 |     1 |     4 |     1 |     2 ||    12
  Eat: Chunk             |     1 |     3 |     6 |     8 |    14 |    10 ||    42
       Royal jelly       |       |     1 |     1 |     2 |     5 |       ||     9
       Bread ration      |       |       |     2 |     1 |       |       ||     3
       Pizza             |       |       |     1 |     2 |     1 |       ||     4
       Fruit             |       |       |       |       |    12 |     4 ||    16
       Beef jerky        |       |       |       |       |     2 |       ||     2
Armor: Scale mail        |    61 |    78 |       |       |       |       ||   139
       Chain mail        |       |    19 |   196 |   280 |   402 |       ||   897
       Plate armour      |       |       |       |       |   207 |   415 ||   622
Dodge: Dodged            |    43 |    51 |    83 |   201 |   736 |   486 ||  1600
Block: Shield            |    69 |   118 |   225 |   141 |   452 |       ||  1005
       Buckler           |       |       |       |   118 |       |       ||   118
